 Dungeon Crawl Stone Soup version 0.18.1-47-g9310371 (webtiles) character file.

25663 senseless the Fighter (level 12, -15/117 HPs)
             Began as a Minotaur Fighter on June 21, 2016.
             Was a High Priest of Okawaru.
             Demolished by a phantasmal warrior (23 damage)
             ... led by a death knight
             ... on level 14 of the Dungeon on June 22, 2016.
             The game lasted 01:05:57 (12006 turns).

senseless the Fighter (Minotaur Fighter)           Turns: 12006, Time: 01:05:57

Health: -15/117    AC: 20    Str: 32    XL:     12   Next: 91%
Magic:  27/27      EV: 17    Int:  8    God:    Okawaru [*****.]
Gold:   545        SH: 21    Dex: 22    Spells: 0 memorised, 21 levels left

rFire  + + .     SeeInvis .     F - +3 flail (protect)
rCold  + . .     Gourm    .     X - +0 ring mail (curse)
rNeg   + . .     Faith    .     b - +0 large shield {rN+}
rPois  .         Spirit   .     m - +2 hat
rElec  +         Dismiss  .     S - +1 cloak "Jakh" {*Drain rC+ Str+6 Dex+2}
rCorr  .         Reflect  .     (no gloves)
SustAt .         Harm     +     o - +2 pair of boots
MR     .....     Rnd*Tele +     k - amulet of harm
Stlth  ++........               K - ring of the Fifty Dances {rElec MP+9 Dex+4}
                                R - ring of Saky {*Tele rF++ Int+2 Slay+2}

@: mighty, very slightly contaminated, slowed, very slow, not resistant to
hostile enchantments, unstealthy
A: retaliatory headbutt, horns 2, thin skeletal structure 1
a: Heroism, Finesse, Renounce Religion


You were on level 14 of the Dungeon.
You worshipped Okawaru.
Okawaru was extremely pleased with you.
You were not hungry.

You visited 2 branches of the dungeon, and saw 15 of its levels.
You also visited: Sewer.

You collected 909 gold pieces.
You spent 364 gold pieces at shops.

Inventory:

Hand Weapons
 z - a +2 antimagic mace
 F - a +3 flail of protection (weapon)
 H - a +2 demon trident of pain
Armour
 b - a +0 large shield of positive energy (worn)
 c - a +2 shield
 l - a +1 plate armour
 m - a +2 hat (worn)
 n - a +2 cloak
 o - a +2 pair of boots (worn)
 L - a +0 ring mail of cold resistance
 S - the +1 cloak "Jakh" (worn) {*Drain rC+ Str+6 Dex+2}
   (Okawaru gifted it to you on level 11 of the Dungeon)

   It affects your strength (+6).
   It affects your dexterity (+2).
   It protects you from cold.
   It causes draining when unequipped.
 X - a cursed +0 ring mail (worn)
Jewellery
 a - an uncursed ring of positive energy
 k - an amulet of harm (around neck)
 K - the ring of the Fifty Dances (right hand) {rElec MP+9 Dex+4}
   (You found it on level 8 of the Dungeon)

   [ring of magical power]

   It affects your dexterity (+4).
   It insulates you from electricity.
   It affects your magic capacity (+9).
 R - the ring of Saky (left hand) {*Tele rF++ Int+2 Slay+2}
   (You took it off an orc on level 9 of the Dungeon)

   [ring of teleportation]

   It may teleport you next to monsters.
   It affects your intelligence (+2).
   It affects your accuracy and damage with ranged weapons and melee attacks
   (+2).
   It greatly protects you from fire.
Wands
 g - a wand of iceblast (10/15)
 x - a wand of disintegration (14/24)
 A - a wand of random effects (43/48)
 O - a wand of disintegration (8/24)
 T - a wand of iceblast (10/15)
 Y - a wand of acid (8/15)
Scrolls
 e - 4 scrolls of recharging
 q - 4 scrolls of fear
 y - 2 scrolls of magic mapping
 B - 2 scrolls of amnesia
 M - 2 scrolls of identify
Potions
 h - 7 potions of curing
 j - a potion of magic
 p - a potion of ambrosia
 s - 6 potions of flight
 t - a potion of cancellation
 u - 2 potions of agility
 v - a potion of cure mutation
 C - 3 potions of brilliance
 J - a potion of invisibility
 P - a potion of berserk rage
Books
 D - a book of Geomancy

   Spells                             Type                      Level
   a - Sandblast                      Earth                        1
   b - Passwall                       Transmutation/Earth          2
   c - Stone Arrow                    Conjuration/Earth            3
   d - Petrify                        Transmutation/Earth          4
   e - Lee's Rapid Deconstruction     Earth                        5
 N - a Necronomicon

   Spells                             Type                      Level
   a - Haunt                          Necromancy/Summoning         7
   b - Borgnjor's Revivification      Necromancy                   8
   c - Death's Door                   Charms/Necromancy            8
   d - Necromutation                  Transmutation/Necromancy     8
 U - a book of Cantrips

   Spells                             Type                      Level
   a - Corona                         Hexes                        1
   b - Animate Skeleton               Necromancy                   1
   c - Summon Small Mammal            Summoning                    1
   d - Apportation                    Translocation                1
Miscellaneous
 V - a lamp of fire (inert)
Comestibles
 f - 9 bread rations
 i - 3 chunks of flesh
 r - 9 beef jerkies
 w - 8 meat rations
 E - 5 fruits
 Q - a royal jelly


   Skills:
 * Level 14.1 Fighting
 + Level 10.7 Maces & Flails
 + Level 10.7 Armour
 + Level 9.1 Dodging
 + Level 10.8 Shields
 * Level 5.2 Spellcasting


You had 21 spell levels left.
You didn't know any spells.

Dungeon Overview and Level Annotations

Branches:
Dungeon (14/15)            Temple (1/1) D:4            Lair (0/8) D:9
    Orc (0/2) D:11
 Vaults: D:13-14

Altars:
Ashenzari
Cheibriados
Dithmenos
Elyvilon
Fedhas
Gozag
Kikubaaqudgha
Makhleb
Nemelex Xobeh
Okawaru
Pakellas
Qazlal
Ru
Sif Muna
Trog
Vehumet
Xom
Yredelemnul
Zin
The Shining One

Shops:
D:4 (   D:5 %!(   D:13 %


Innate Abilities, Weirdness & Mutations

You reflexively headbutt those who attack you in melee.
You have a pair of horns on your head.
You have a somewhat thin skeletal structure (Dex +2, Stealth).


Message History

The kobold shoots a poisoned needle.
You block the poisoned needle.
The big kobold throws a stone.
The stone hits you.
* * * LOW HITPOINT WARNING * * *
The deep elf mage points at you and mumbles some strange words.
The bolt of lightning misses you.
The kobold shoots a poisoned needle.
You block the poisoned needle.
The kobold shoots a poisoned needle.
You block the poisoned needle.
You see here 2 poisoned needles.
The deep elf mage mumbles some strange words.
The deep elf mage blinks!
You are suddenly yanked towards some nearby monsters!
Your surroundings suddenly seem different.
You block the freezing wraith's attack. x2
Found a fruit and a bread ration.
You block the freezing wraith's attack.
The freezing wraith hits you but does no damage.
You hit the freezing wraith. You headbutt the freezing wraith!!
The freezing wraith is severely damaged.
You block the freezing wraith's attack. x2; The phantasmal warrior hits you!!
You die...

. .... .# #.#.# # ..#.......# #%
%... .. ..K...K..# #.#.#.#. .#
##........# #.......... ###
..........# #.p#.#.#.#. ##.#
..........####.......... #...##
#...?.....#....WW#......#####.#.#
.8.....8........@W...............
.....(........................pW<
.8.............................W.
....8(......................).OW.
.8...(.8.........................
#...K.K.../.####...........#####.
#8.8K8(8...## #...8...... ..
....WT))....# #......... ##.
.............# .. ##


You could see a death knight (wandering), 2 phantasmal warriors and a freezing
wraith.

Vanquished Creatures
  Gastronok (D:8)
  A centaur warrior (D:11)
  3 unseen horrors
  A skeletal warrior (D:12)
  Pikel (D:7)
  3 hill giants
  An ugly thing (D:11)
  3 cyclopes
  A deep elf mage (D:13)
  A manticore (D:14)
  A centaur zombie (D:12)
  A gargoyle (D:13)
  4 kobold demonologists
  A freezing wraith (D:11)
  6 trolls
  5 slime creatures (D:13)
  Eustachio (D:6)
  2 wraiths
  21 yaks
  3 wyverns
  Grum (D:11)
  A hippogriff (D:11)
  4 hungry ghosts
  Menkaure (D:5)
  A steam dragon (D:9)
  2 water moccasins
  5 orc warriors
  2 sky beasts
  A slave (D:7)
  2 eyes of draining
  2 ice beasts (D:9)
  A black bear (D:13)
  A necrophage (D:12)
  4 phantoms
  2 wasps
  3 wolves (D:11)
  7 ogres
  10 centaurs
  9 giant frogs
  4 big kobolds
  Blork the orc (D:5)
  A gnoll sergeant (D:9)
  A scorpion (D:11)
  11 killer bees
  7 wights (D:6)
  3 howler monkeys
  8 crimson imps
  3 giant frog zombies
  4 jellies
  4 centaur skeletons
  3 hounds
  14 orc wizards
  3 quasits
  6 orc priests
  An iron imp (D:9)
  3 giant frog skeletons
  Natasha (thrice) (D:3)
  5 iguanas
  9 worker ants
  2 hound skeletons
  A howler monkey zombie (D:6)
  A worker ant zombie (D:9)
  Robin (D:4)
  A howler monkey skeleton (D:9)
  14 gnolls
  17 adders
  4 river rats (Sewer)
  3 shadow imps
  An ooze (D:6)
  2 adder skeletons
  3 worms
  2 dart slugs
  6 giant geckos
  45 orcs
  5 bats
  2 bat zombies (D:1)
  4 giant cockroaches
  16 goblins
  7 hobgoblins
  14 jackals
  8 quokkas
  4 ball pythons
  A giant gecko skeleton (D:9)
  7 giant newts
  A jackal skeleton (D:8)
  43 kobolds
  24 rats
  A fungus (D:9)
  A plant (D:9)
455 creatures vanquished.

Vanquished Creatures (others)
  A tengu reaver (D:6)
  A centaur (D:7)
  The ghost of M4edhros the Sneak, an amateur OpAr (D:4)
  An adder (D:4)
  2 fungi (D:9)
6 creatures vanquished.

Grand Total: 461 creatures vanquished

Notes
Turn   | Place    | Note
--------------------------------------------------------------
     0 | D:1      | senseless the Minotaur Fighter began the quest for the Orb.
     0 | D:1      | Reached XP level 1. HP: 19/19 MP: 0/0
   178 | D:1      | Reached XP level 2. HP: 27/27 MP: 1/1
   253 | D:1      | Reached skill level 1 in Dodging
   355 | D:1      | Reached skill level 4 in Fighting
   805 | D:2      | Reached XP level 3. HP: 33/33 MP: 2/2
  1486 | D:3      | Reached XP level 4. HP: 41/41 MP: 3/3
  1511 | D:3      | Noticed Natasha
  1517 | D:3      | Killed Natasha
  1549 | D:3      | Noticed Natasha
  1577 | D:3      | Killed Natasha
  1577 | D:3      | Reached skill level 5 in Fighting
  1623 | D:3      | Found a sacrificial altar of Ru.
  1732 | D:3      | Noticed Natasha
  1734 | D:3      | Killed Natasha
  1734 | D:3      | Reached XP level 5. HP: 48/48 MP: 4/4
  1901 | D:4      | Noticed Robin
  1917 | D:4      | Killed Robin
  1946 | D:4      | Killed M4edhros's ghost
  2034 | D:4      | Noticed a phantom
  2076 | D:4      | Killed a phantom
  2076 | D:4      | Reached XP level 6. HP: 30/57 MP: 5/5
  2132 | D:4      | Found a staircase to the Ecumenical Temple.
  2141 | Temple   | Entered the Ecumenical Temple
  2175 | Temple   | Became a worshipper of Warmaster Okawaru
  2421 | D:4      | Reached skill level 5 in Shields
  2478 | D:4      | Found Tiraoma's Weapon Emporium.
  2534 | D:4      | Reached skill level 6 in Fighting
  2672 | D:5      | Entered Level 5 of the Dungeon
  2722 | D:5      | Found Cytita Ampi's Distillery.
  2729 | D:5      | Found an opulent altar of Gozag.
  2749 | D:5      | Found Asycumap's Food Boutique.
  2750 | D:5      | Noticed Menkaure
  2759 | D:5      | Killed Menkaure
  2759 | D:5      | Reached * piety under Okawaru
  2759 | D:5      | Reached XP level 7. HP: 55/64 MP: 6/6
  2786 | D:5      | Noticed Blork the orc
  2796 | D:5      | Killed Blork the orc
  2796 | D:5      | Reached skill level 5 in Armour
  2887 | D:4      | Bought a +2 antimagic mace for 252 gold pieces
  2925 | D:5      | Found Vimuw's Antique Weapon Boutique.
  2928 | D:5      | Bought a glowing flail for 112 gold pieces
  2998 | D:5      | Reached skill level 7 in Fighting
  3067 | D:5      | Found an iron altar of Okawaru.
  3079 | D:5      | Reached skill level 5 in Maces & Flails
  3149 | D:5      | Reached XP level 8. HP: 38/73 MP: 7/7
  3153 | D:5      | Reached ** piety under Okawaru
  3363 | D:5      | Found a white marble altar of Elyvilon.
  3514 | D:5      | Reached skill level 8 in Fighting
  3609 | D:6      | Noticed Eustachio
  3628 | D:6      | Killed Eustachio
  3642 | D:6      | Reached skill level 5 in Dodging
  3645 | D:6      | Reached *** piety under Okawaru
  3770 | D:6      | Found a glowing drain.
  3803 | Sewer    | Entered a sewer
  3889 | Sewer    | Reached XP level 9. HP: 80/82 MP: 8/8
  3958 | Sewer    | Reached skill level 9 in Fighting
  4453 | D:6      | Found an oddly glowing altar of Pakellas.
  4454 | D:6      | Noticed a tengu reaver
  4465 | D:6      | Killed a tengu reaver
  4737 | D:7      | Noticed Pikel
  4766 | D:7      | Killed Pikel
  4987 | D:7      | Reached **** piety under Okawaru
  4987 | D:7      | Reached skill level 10 in Fighting
  5013 | D:7      | Found a blossoming altar of Fedhas.
  5073 | D:7      | Found a deep blue altar of Sif Muna.
  5320 | D:8      | Noticed Gastronok
  5458 | D:8      | Reached XP level 10. HP: 94/94 MP: 9/9
  5476 | D:8      | Found an oddly glowing altar of Pakellas.
  5487 | D:8      | Found a bloodstained altar of Trog.
  5552 | D:8      | Got a coiled bone ring
  5797 | D:8      | Identified the ring of the Fifty Dances {rElec MP+9 Dex+4} (You found it on level 8 of the Dungeon)
  6078 | D:8      | Found an oddly glowing altar of Pakellas.
  6309 | D:8      | Killed Gastronok
  6309 | D:8      | Reached ***** piety under Okawaru
  6309 | D:8      | Reached skill level 11 in Fighting
  6590 | D:9      | Received a gift from Okawaru
  6696 | D:9      | Got a faintly glowing golden ring
  6700 | D:9      | Identified the ring of Saky {*Tele rF++ Int+2 Slay+2} (You took it off an orc on level 9 of the Dungeon)
  6703 | D:9      | Found a staircase to the Lair.
  7002 | D:9      | Found a snail-covered altar of Cheibriados.
  7104 | D:9      | Reached skill level 12 in Fighting
  7411 | D:10     | Entered Level 10 of the Dungeon
  7444 | D:10     | Reached XP level 11. HP: 104/104 MP: 10/10
  7914 | D:10     | Reached skill level 1 in Spellcasting
  8172 | D:10     | Gained mutation: You expend magic power (3 MP) to strengthen your wands. [potion of mutation]
  8172 | D:10     | Gained mutation: You have a pair of large horns on your head. [potion of mutation]
  8172 | D:10     | Gained mutation: You have a somewhat thin skeletal structure (Dex +2, Stealth). [potion of mutation]
  8292 | D:11     | Killed an unseen horror
  8369 | D:11     | Noticed a white ugly thing
  8380 | D:11     | Killed a white ugly thing
  8759 | D:11     | Received a gift from Okawaru
  8768 | D:11     | Noticed Grum
  8785 | D:11     | Killed Grum
  8857 | D:11     | Killed an unseen horror
  9138 | D:11     | Got a bloodstained cloak {god gift}
  9160 | D:11     | Identified the +1 cloak "Jakh" {*Drain rC+ Str+6 Dex+2} (Okawaru gifted it to you on level 11 of the Dungeon)
  9188 | D:11     | Found a staircase to the Orcish Mines.
  9198 | D:11     | Reached skill level 10 in Armour
  9208 | D:11     | Reached skill level 13 in Fighting
  9315 | D:11     | Reached skill level 10 in Shields
  9924 | D:11     | Noticed a centaur warrior
  9928 | D:11     | Killed a centaur warrior
  9928 | D:11     | Reached XP level 12. HP: 107/115 MP: 16/16
 10004 | D:12     | Reached skill level 10 in Maces & Flails
 10423 | D:12     | Received a gift from Okawaru
 10691 | D:13     | Gained mutation: You regenerate slowly when monsters are visible. [potion of mutation]
 10691 | D:13     | Gained mutation: You occasionally shout uncontrollably at your foes. [potion of mutation]
 10691 | D:13     | Gained mutation: Your mind is acute. (Int +2) [potion of mutation]
 10692 | D:13     | Lost mutation: Your mind is acute. (Int +2) [potion of cure mutation]
 10692 | D:13     | Lost mutation: You regenerate slowly when monsters are visible. [potion of cure mutation]
 10692 | D:13     | Lost mutation: You expend magic power (3 MP) to strengthen your wands. [potion of cure mutation]
 10692 | D:13     | Lost mutation: You have a pair of large horns on your head. [potion of cure mutation]
 10692 | D:13     | Lost mutation: You occasionally shout uncontrollably at your foes. [potion of cure mutation]
 10761 | D:13     | Found Xaitouva's Food Boutique.
 11879 | D:13     | Reached skill level 14 in Fighting
 11879 | D:13     | Reached skill level 5 in Spellcasting
 11963 | D:14     | Noticed a death knight
 11997 | D:14     | HP: 4/117 [big kobold/stone (3)]
 12006 | D:14     | Demolished by a phantasmal warrior

Skill      XL: |  1  2  3  4  5  6  7  8  9 10 11 12 |
---------------+-------------------------------------+-----
Dodging        | 1 2 3 5 6 7 8 9 |  9.1
Fighting       | 4 5 6 7 8 10 12 13 14 | 14.1
Shields        | 4 5 6 7 9 10 | 10.8
Maces & Flails | 3 4 5 6 7 8 9 10 | 10.7
Armour         | 4 5 6 8 9 10 | 10.7
Spellcasting   | 3 5 |  5.2

Action                   |  1- 3 |  4- 6 |  7- 9 | 10-12 || total
-------------------------+-------+-------+-------+-------++-------
Melee: Flail             |   115 |   165 |   409 |   662 ||  1351
       Headbutt          |    14 |    25 |    90 |   223 ||   352
Invok: Heroism           |       |       |     1 |     2 ||     3
       Finesse           |       |       |       |     2 ||     2
Evoke: Wand              |       |       |       |     1 ||     1
       Lamp of fire      |       |       |       |     1 ||     1
  Use: Potion            |       |     1 |       |    11 ||    12
       Scroll            |       |    19 |     8 |    10 ||    37
 Stab: Sleeping          |       |       |       |     2 ||     2
       Distracted        |       |       |       |     1 ||     1
  Eat: Chunk             |     2 |     4 |    10 |    15 ||    31
       Meat ration       |       |       |       |     2 ||     2
       Pizza             |       |       |       |     1 ||     1
Armor: Scale mail        |    27 |       |       |       ||    27
       Plate armour      |    41 |   108 |   308 |   197 ||   654
       Ring mail         |       |       |       |    73 ||    73
Dodge: Dodged            |    36 |    32 |   145 |   238 ||   451
Block: Shield            |    79 |    84 |   338 |   331 ||   832
       Large shield      |       |       |       |   216 ||   216
